 Dungeon Crawl Stone Soup version 0.27.1-35-g4d5d836560 (webtiles) character file.

Game seed: 2958350092924837920

105 spiecas the Poker (level 4, -7/34 HPs)
             Began as a Merfolk Gladiator on Dec 22, 2021.
             Mangled by an ice beast (12 damage)
             ... on level 3 of the Dungeon on Mar 3, 2022.
             The game lasted 00:14:59 (2384 turns).

spiecas the Poker (Merfolk Gladiator)               Turns: 2384, Time: 00:15:01

Health: -7/34      AC:  5    Str: 14    XL:     4   Next: 83%
Magic:  4/4        EV: 13    Int:  7    God:
Gold:   30         SH:  0    Dex: 16    Spells: 3/3 levels left

rFire    . . .     SeeInvis .   a - +0 trident
rCold    . . .     Faith    .   (no shield)
rNeg     . . .     Spirit   .   b - +0 leather armour
rPois    .         Reflect  .   c - +0 helmet
rElec    .         Harm     .   (no cloak)
rCorr    .         Rampage  .   f - +0 pair of gloves
Will     .....                  (no boots)
Stlth    ++........             (no amulet)
HPRegen  0.11/turn              (no ring)
MPRegen  0.09/turn              (no ring)

@: flying
A: (nimble swimmer 2), mertail
a: no special abilities


You were on level 3 of the Dungeon.
You visited 1 branch of the dungeon, and saw 3 of its levels.

You collected 53 gold pieces.
You spent 23 gold pieces at shops.

Inventory:

Hand Weapons
 a - a +0 trident (weapon)
 k - a +2 short sword of draining
Missiles
 d - 3 throwing nets (quivered)
Armour
 b - a +0 leather armour (worn)
 c - a +0 helmet (worn)
 f - a +0 pair of gloves (worn)
 j - a +0 chain mail
Potions
 g - 2 potions of brilliance
 h - a potion of cancellation {unknown}
 i - 3 potions of curing {unknown}


   Skills:
 + Level 2.5 Fighting
 + Level 2.3 Short Blades
 + Level 5.0 Polearms
 + Level 2.0 Throwing
 + Level 1.3 Armour
 + Level 4.7 Dodging
 * Level 0.9 Stealth


You had 3 spell levels left.
You didn't know any spells.
Your spell library was empty.

Dungeon Overview and Level Annotations

Branches:
Dungeon (3/15)

Altars:
Ashenzari

Shops:
D:2 *


Innate Abilities, Weirdness & Mutations

((You are quick and stealthy near water. (Stealth+, EV+, Speed+++)))
Your lower body shifts to a powerful aquatic tail in water.


Message History

The ice beast hits you but does no damage.
You hit the ice beast.
The ice beast is heavily wounded.
The ice beast closely misses you.
You barely miss the ice beast.
The ice beast is heavily wounded.
The ice beast closely misses you.
You hit the ice beast.
The ice beast is heavily wounded.
The ice beast hits you. The ice beast freezes you!
* * * LOW HITPOINT WARNING * * *
You closely miss the ice beast.
The ice beast is heavily wounded.
The ice beast hits you but does no damage.
You barely miss the ice beast.
The ice beast is heavily wounded.
The ice beast barely misses you.
A rat comes into view.
You closely miss the ice beast.
The ice beast is heavily wounded.
The ice beast closely misses you.
You closely miss the ice beast.
The ice beast is heavily wounded.
The ice beast barely misses you.
It was a potion of flight.
You feel very buoyant.
You fly up into the air.
The ice beast hits you but does no damage.
You hit the ice beast.
The ice beast is severely wounded.
The ice beast hits you but does no damage.
You puncture the ice beast!
The ice beast is almost dead.
The ice beast barely misses you.
You barely miss the ice beast.
The ice beast is almost dead.
The ice beast hits you.
* * * LOW HITPOINT WARNING * * *
The ice beast freezes you!
You die...

###### #....#
#....############
+...............#
#....##########.## ####
#....'...##....... ...
#....###.#....##.#
#.####....# #.#..#.##..
#....Y@.#####.#..#.###.
.####...#### #.....#.....
........#######...#######.
.....................>....
#.............#...##..#.#.
#......)......#...##.)#<..
#.............#...##..##..
#.............##.###......
#.............+). #...#..


You could see an ice beast.

Vanquished Creatures
  5 adders
  A worm (D:2)
  A dart slug (D:3)
  3 ball pythons
  5 endoplasms
  3 giant cockroaches
  5 goblins
  9 hobgoblins
  3 kobolds
  A quokka (D:1)
  8 bats
  3 frilled lizards
  5 rats
52 creatures vanquished.

Notes
Turn   | Place    | Note
-------+----------+-------------------------------------------
     0 | D:1      | spiecas the Merfolk Gladiator began the quest for the Orb.
     0 | D:1      | Reached XP level 1. HP: 16/16 MP: 1/1
    16 | D:1      | Upgraded the game from 0.27.1-33-g824d729ab1 to
                  | 0.27.1-35-g4d5d836560
   327 | D:1      | Reached XP level 2. HP: 15/22 MP: 2/2
   492 | D:1      | Found a faded altar of an unknown god.
   989 | D:1      | Reached XP level 3. HP: 24/28 MP: 3/3
  1035 | D:1      | Reached skill level 5 in Polearms
  1250 | D:2      | Reached skill level 1 in Short Blades
  1344 | D:2      | Found a broken altar of Ashenzari.
  1374 | D:2      | Reached skill level 1 in Armour
  1465 | D:2      | Reached XP level 4. HP: 34/34 MP: 4/4
  1533 | D:2      | Found Diwuf's Assorted Antiques.
  1990 | D:2      | Bought a yellow potion for 23 gold pieces
  2357 | D:3      | Noticed an ice beast
  2384 | D:3      | Mangled by an ice beast

Illustrated notes

Levels and vault maps discovered:
D:1:      roderic_octagonal_star, layout_rooms,
          hellmonk_ecumenical_altar_heavens_door
D:2:      layout_loops_ring, basic_altar, serial_shops, nicolae_shop_crystal,
          minmay_pentomino_p2
D:3:      layout_basic, uniq_grinder

Skill      XL: |  1  2  3  4 |
---------------+-------------+-----
Polearms       | 5 |  5.0
Short Blades   | 1 2 |  2.3
Armour         | 1 |  1.3
Fighting       | |  2.5
Throwing       | |  2.0
Dodging        | |  4.7
Stealth        | |  0.9

Action                   |  1- 3 |  4- 6 || total
-------------------------+-------+-------++-------
Melee: Trident           |    64 |    56 ||   120
       Short sword       |    70 |    21 ||    91
  Use: Scroll            |       |     4 ||     4
       Potion            |       |     1 ||     1
Armor: Leather armour    |    63 |    22 ||    85
Dodge: Dodged            |   132 |    61 ||   193
